TOP OF THE 1ST |
University of Michigan Wolverines batting - Pitching for Oklahoma State University Cowboys : RHP Emanuel Anochondo
|
Pitching: RHP Emanuel Anochondo
|
|
Batting: RHB Gilbert Hoareau
|
0-0: Called Strike 0-1: Swinging Strike 0-2: Ball 1-2: Strikes out swinging
|
Batting: RHB Ricky Yerzy
|
0-0: Called Strike 0-1: Called Strike 0-2: Ball 1-2: Ball 2-2: Foul Ball, location: 2F 2-2: Ball 3-2: SINGLE (Line Drive, 4MD, EV 95.0 MPH)
|
Batting: LHB Afanasy Zasekin
|
0-0: Ball 1-0: Ball Ricky Yerzy is caught stealing 2nd base 2-6 2-0: Called Strike 2-1: Called Strike 2-2: Ball 3-2: Base on Balls
|
Batting: RHB Xiao-shuang Au
|
0-0: Ball 1-0: Called Strike 1-1: SINGLE (Groundball, 56D, EV 103.1 MPH) Afanasy Zasekin to second
|
Batting: LHB Ken Morehead
|
0-0: Ball 1-0: Ball 2-0: Called Strike 2-1: Foul Ball, location: 2F 2-2: Strikes out swinging
|
Top of the 1st over - 0 runs, 2 hits, 0 errors, 2 left on base; University of Michigan 0 - Oklahoma State University 0 |
BOTTOM OF THE 1ST |
Oklahoma State University Cowboys batting - Pitching for University of Michigan Wolverines : LHP Jon Lawson
|
Pitching: LHP Jon Lawson
|
|
Batting: LHB Edwin Cabral
|
0-0: Called Strike 0-1: Ball 1-1: Ball 2-1: Ball 3-1: Called Strike 3-2: Foul Ball, location: 2F 3-2: Strikes out swinging
|
Batting: RHB Dave de Wolff
|
0-0: Called Strike 0-1: Ball 1-1: Ball 2-1: Ball 3-1: Foul Ball, location: 2F 3-2: Base on Balls
|
Batting: SHB Guy Jerome
|
0-0: Ball 1-0: SINGLE (Line Drive, 56D, EV 110.0 MPH) Dave de Wolff to second
|
Batting: SHB Suzunosuke Yamaguchi
|
0-0: Called Strike 0-1: Swinging Strike 0-2: Ball 1-2: Foul Ball, location: 2F 1-2: Ball 2-2: Ball 3-2: Base on Balls Dave de Wolff to third Guy Jerome to second
|
Batting: RHB Jay Hickman
|
0-0: Called Strike 0-1: Ball 1-1: Swinging Strike 1-2: Ball 2-2: SINGLE (Line Drive, 8LS, EV 91.2 MPH) Dave de Wolff scores Guy Jerome to third Suzunosuke Yamaguchi to second Runner from 3rd tries for Home, SAFE, throw by CF to home
|
Batting: LHB Leo Puentes
|
0-0: Ball 1-0: Ball Wild Pitch! Suzunosuke Yamaguchi to third Jay Hickman to second 2-0: Ball 3-0: Swinging Strike 3-1: Foul Ball, location: 2F 3-2: Foul Ball, location: 2F 3-2: Fly out, F8 (Line Drive, 8RD, EV 95.0 MPH) Runner from 3rd tags up, SCORES, throw by CF Jay Hickman to third
|
Batting: LHB Jared Zulkowski
|
0-0: Ball 1-0: Called Strike 1-1: Foul Ball, location: 2F 1-2: Ground out 1-3 (Groundball, 13, EV 72.5 MPH)
|
Bottom of the 1st over - 3 runs, 2 hits, 0 errors, 1 left on base; University of Michigan 0 - Oklahoma State University 3 |
TOP OF THE 2ND |
University of Michigan Wolverines batting - Pitching for Oklahoma State University Cowboys : RHP Emanuel Anochondo
|
Batting: RHB Bryan Payne
|
0-0: Ball 1-0: Foul Ball, location: 2F 1-1: Ball 2-1: Swinging Strike 2-2: Fly out, F9 (Flyball, 9S, EV 90.6 MPH)
|
Batting: RHB Bryan Castor
|
0-0: Called Strike 0-1: Swinging Strike 0-2: Strikes out swinging
|
Batting: RHB Kazuki Arai
|
0-0: Ball 1-0: Ball 2-0: Foul Ball, location: 2F 2-1: Foul Ball, location: 2F 2-2: Strikes out looking
|
Top of the 2nd over - 0 runs, 0 hits, 0 errors, 0 left on base; University of Michigan 0 - Oklahoma State University 3 |
BOTTOM OF THE 2ND |
Oklahoma State University Cowboys batting - Pitching for University of Michigan Wolverines : LHP Jon Lawson
|
Batting: RHB Cody Kafer
|
0-0: Called Strike 0-1: Ball 1-1: Ball 2-1: Ball 3-1: Foul Ball, location: 2F 3-2: Ground out 6-3 (Groundball, 6S, EV 69.4 MPH)
|
Batting: RHB Mario Martinez
|
0-0: Ball 1-0: Called Strike 1-1: Ball 2-1: Called Strike 2-2: Strikes out swinging
|
Batting: LHB Edwin Cabral
|
0-0: SOLO HOME RUN (Flyball, 89XD, EV 88.8 MPH) (Inside the Park)
|
Batting: RHB Dave de Wolff
|
0-0: Ball 1-0: Called Strike 1-1: Called Strike 1-2: Ball 2-2: Foul Ball, location: 2F 2-2: Ball 3-2: Strikes out looking
|
Bottom of the 2nd over - 1 run, 1 hit, 0 errors, 0 left on base; University of Michigan 0 - Oklahoma State University 4 |
TOP OF THE 3RD |
University of Michigan Wolverines batting - Pitching for Oklahoma State University Cowboys : RHP Emanuel Anochondo
|
Batting: RHB Joe Thomas
|
0-0: Ball 1-0: Ball 2-0: Called Strike 2-1: Called Strike 2-2: Ground out 5-3 (Groundball, 56S, EV 77.5 MPH)
|
Batting: RHB Gilbert Hoareau
|
0-0: Ball 1-0: Ground out 4-3 (Groundball, 4, EV 88.1 MPH)
|
Batting: RHB Ricky Yerzy
|
0-0: Ball 1-0: Ball 2-0: Ball 3-0: Base on Balls
|
Batting: LHB Afanasy Zasekin
|
0-0: Ball 1-0: Foul Ball, location: 2F 1-1: Ball 2-1: Foul Ball, location: 2F 2-2: SINGLE (Groundball, 4M, EV 103.1 MPH) Ricky Yerzy to second Runner from 2nd tries for 3rd, SAFE, no throw by CF
|
Batting: RHB Xiao-shuang Au
|
0-0: Ball 1-0: Fly out, F9 (Flyball, 89M, EV 91.2 MPH)
|
Top of the 3rd over - 0 runs, 1 hit, 0 errors, 2 left on base; University of Michigan 0 - Oklahoma State University 4 |
BOTTOM OF THE 3RD |
Oklahoma State University Cowboys batting - Pitching for University of Michigan Wolverines : LHP Jon Lawson
|
Batting: SHB Guy Jerome
|
0-0: Called Strike 0-1: SINGLE (Groundball, 34S, EV 70.0 MPH) (infield hit)
|
Batting: SHB Suzunosuke Yamaguchi
|
0-0: Foul Ball, location: 2F 0-1: Swinging Strike 0-2: Ball 1-2: Grounds into double play, 6-4-3 (Groundball, 6M, EV 110.6 MPH)
|
Batting: RHB Jay Hickman
|
0-0: Ball 1-0: Called Strike 1-1: Ball 2-1: Ball 3-1: Ground out 5-3 (Groundball, 5S, EV 90.0 MPH)
|
Bottom of the 3rd over - 0 runs, 1 hit, 0 errors, 0 left on base; University of Michigan 0 - Oklahoma State University 4 |
TOP OF THE 4TH |
University of Michigan Wolverines batting - Pitching for Oklahoma State University Cowboys : RHP Emanuel Anochondo
|
Batting: LHB Ken Morehead
|
0-0: Called Strike 0-1: Called Strike 0-2: Ball 1-2: Foul Ball, location: 2F 1-2: Ball 2-2: Ball 3-2: Fly out, F8 (Flyball, 8RD, EV 77.5 MPH)
|
Batting: RHB Bryan Payne
|
0-0: Fly out, F9 (Line Drive, 9LM, EV 94.4 MPH)
|
Batting: RHB Bryan Castor
|
0-0: Ball 1-0: Ball 2-0: Ball 3-0: Base on Balls
|
Batting: RHB Kazuki Arai
|
0-0: Ball 1-0: Ball 2-0: Ball 3-0: Base on Balls Bryan Castor to second
|
Batting: RHB Joe Thomas
|
0-0: Ball 1-0: Ground out 6-3 (Groundball, 6M, EV 98.8 MPH)
|
Top of the 4th over - 0 runs, 0 hits, 0 errors, 2 left on base; University of Michigan 0 - Oklahoma State University 4 |
BOTTOM OF THE 4TH |
Oklahoma State University Cowboys batting - Pitching for University of Michigan Wolverines : LHP Jon Lawson
|
Batting: LHB Leo Puentes
|
0-0: Foul Ball, location: 2F 0-1: Swinging Strike 0-2: Ball 1-2: Strikes out looking
|
Batting: LHB Jared Zulkowski
|
0-0: Ball 1-0: SINGLE (Line Drive, 56D, EV 101.9 MPH)
|
Batting: RHB Cody Kafer
|
0-0: Fly out, F9 (Flyball, 9, EV 80.6 MPH)
|
Pitching: LHP Jorge Ortiz
|
|
Batting: RHB Mario Martinez
|
0-0: Foul Ball, location: 2F 0-1: Foul Ball, location: 2F 0-2: Ball 1-2: Strikes out looking
|
Bottom of the 4th over - 0 runs, 1 hit, 0 errors, 1 left on base; University of Michigan 0 - Oklahoma State University 4 |
TOP OF THE 5TH |
University of Michigan Wolverines batting - Pitching for Oklahoma State University Cowboys : RHP Emanuel Anochondo
|
Batting: RHB Gilbert Hoareau
|
0-0: Ball 1-0: Swinging Strike 1-1: Ball 2-1: Ground out 5-3 (Groundball, 56, EV 82.5 MPH)
|
Batting: RHB Ricky Yerzy
|
0-0: Ball 1-0: Ball 2-0: Ball 3-0: Base on Balls
|
Pitching: RHP Raul Rogel
|
|
Batting: LHB Afanasy Zasekin
|
0-0: Grounds into double play, 6-4-3 (Groundball, 6, EV 82.5 MPH)
|
Top of the 5th over - 0 runs, 0 hits, 0 errors, 0 left on base; University of Michigan 0 - Oklahoma State University 4 |
BOTTOM OF THE 5TH |
Oklahoma State University Cowboys batting - Pitching for University of Michigan Wolverines : LHP Jorge Ortiz
|
Batting: LHB Edwin Cabral
|
0-0: Ball 1-0: Foul Ball, location: 2F 1-1: Fly out, F9 (Line Drive, 89M, EV 108.8 MPH)
|
Batting: RHB Dave de Wolff
|
0-0: Called Strike 0-1: SOLO HOME RUN (Flyball, 7D, EV 98.8 MPH), Distance : 395 ft
|
Batting: SHB Guy Jerome
|
0-0: Ball 1-0: Ball 2-0: Ball 3-0: Base on Balls
|
Batting: SHB Suzunosuke Yamaguchi
|
0-0: Ball 1-0: Ball 2-0: Ball 3-0: Called Strike 3-1: Grounds into double play, 6-4-3 (Groundball, 56, EV 101.9 MPH)
|
Bottom of the 5th over - 1 run, 1 hit, 0 errors, 0 left on base; University of Michigan 0 - Oklahoma State University 5 |
TOP OF THE 6TH |
University of Michigan Wolverines batting - Pitching for Oklahoma State University Cowboys : RHP Raul Rogel
|
Batting: RHB Xiao-shuang Au
|
0-0: Foul Ball, location: 2F 0-1: Ball 1-1: Ball 2-1: SOLO HOME RUN (Flyball, 9D, EV 96.9 MPH), Distance : 372 ft
|
Batting: LHB Ken Morehead
|
0-0: Foul Ball, location: 2F 0-1: Called Strike 0-2: Ground out U3 (Groundball, 3S, EV 91.9 MPH)
|
Batting: RHB Bryan Payne
|
0-0: Ground out 4-3 (Groundball, 4M, EV 88.8 MPH)
|
Batting: RHB Bryan Castor
|
0-0: Called Strike 0-1: Swinging Strike 0-2: Ball 1-2: Strikes out swinging
|
Top of the 6th over - 1 run, 1 hit, 0 errors, 0 left on base; University of Michigan 1 - Oklahoma State University 5 |
BOTTOM OF THE 6TH |
Oklahoma State University Cowboys batting - Pitching for University of Michigan Wolverines : LHP Jorge Ortiz
|
Batting: RHB Jay Hickman
|
0-0: Fly out, F7 (Flyball, 7, EV 75.6 MPH)
|
Batting: LHB Leo Puentes
|
0-0: Swinging Strike 0-1: Ball 1-1: Ball 2-1: Ball 3-1: Fly out, F8 (Flyball, 89D, EV 101.2 MPH)
|
Batting: LHB Jared Zulkowski
|
0-0: Called Strike 0-1: Called Strike 0-2: Ball 1-2: Strikes out swinging
|
Bottom of the 6th over - 0 runs, 0 hits, 0 errors, 0 left on base; University of Michigan 1 - Oklahoma State University 5 |
TOP OF THE 7TH |
University of Michigan Wolverines batting - Pitching for Oklahoma State University Cowboys : RHP Raul Rogel
|
Pitching: LHP Daniel Fagan
|
|
Batting: RHB Kazuki Arai
|
0-0: Foul Ball, location: 2F 0-1: Ball 1-1: Foul Ball, location: 2F 1-2: Ball 2-2: Ball 3-2: Foul Ball, location: 2F 3-2: Ground out 6-3 (Groundball, 6, EV 94.4 MPH)
|
Batting: RHB Joe Thomas
|
0-0: SINGLE (Line Drive, 8LS, EV 103.8 MPH)
|
Batting: RHB Gilbert Hoareau
|
0-0: Foul Ball, location: 2F 0-1: SINGLE (Groundball, 4MS, EV 65.6 MPH) (infield hit) Joe Thomas to second
|
Batting: RHB Ricky Yerzy
|
0-0: Ball 1-0: Foul Ball, location: 2F 1-1: Foul Ball, location: 2F 1-2: Ball 2-2: Ball 3-2: Foul Ball, location: 2F 3-2: Foul Ball, location: 2F 3-2: Fly out, F9 (Line Drive, 89M, EV 102.5 MPH)
|
Batting: LHB Afanasy Zasekin
|
0-0: Called Strike 0-1: Foul Ball, location: 2F 0-2: Ball 1-2: Ball 2-2: Ground out U3 (Groundball, 34, EV 86.2 MPH)
|
Top of the 7th over - 0 runs, 2 hits, 0 errors, 2 left on base; University of Michigan 1 - Oklahoma State University 5 |
BOTTOM OF THE 7TH |
Oklahoma State University Cowboys batting - Pitching for University of Michigan Wolverines : LHP Jorge Ortiz
|
Batting: RHB Cody Kafer
|
0-0: Ball 1-0: Ball 2-0: SINGLE (Groundball, 4S, EV 75.6 MPH) (infield hit)
|
Batting: RHB Mario Martinez
|
0-0: Called Strike 0-1: Foul Ball, location: 2F 0-2: Strikes out swinging
|
Batting: LHB Edwin Cabral
|
0-0: Called Strike 0-1: Called Strike 0-2: Ball 1-2: Strikes out swinging
|
Batting: RHB Dave de Wolff
|
0-0: Called Strike 0-1: Ball 1-1: Ball 2-1: Swinging Strike 2-2: DOUBLE (Flyball, 78XD, EV 102.5 MPH) Cody Kafer to third
|
Batting: SHB Guy Jerome
|
0-0: Ball 1-0: DOUBLE (Line Drive, 7LM, EV 106.9 MPH) Cody Kafer scores Dave de Wolff scores
|
Pitching: RHP Joey Ferguson
|
|
Batting: SHB Suzunosuke Yamaguchi
|
0-0: Ball 1-0: Swinging Strike 1-1: Ball 2-1: Ground out 1-3 (Groundball, P, EV 66.9 MPH)
|
Bottom of the 7th over - 2 runs, 3 hits, 0 errors, 1 left on base; University of Michigan 1 - Oklahoma State University 7 |
TOP OF THE 8TH |
University of Michigan Wolverines batting - Pitching for Oklahoma State University Cowboys : LHP Daniel Fagan
|
Batting: RHB Xiao-shuang Au
|
0-0: Ball 1-0: Foul Ball, location: 2F 1-1: Foul Ball, location: 2F 1-2: Foul Ball, location: 2F 1-2: Foul Ball, location: 2F 1-2: Foul Ball, location: 2F 1-2: Foul Ball, location: 2F 1-2: Ball 2-2: Fly out, F3 (Popup, 34, EV 73.8 MPH)
|
Pitching: LHP Ronnie Pickering
|
|
Pinch Hitting: SHB Corey Penson
|
0-0: Called Strike 0-1: Called Strike 0-2: Strikes out swinging
|
Batting: RHB Bryan Payne
|
0-0: Called Strike 0-1: Ball 1-1: SINGLE (Flyball, 89S, EV 89.4 MPH)
|
Batting: RHB Bryan Castor
|
0-0: Ball 1-0: Ball 2-0: Foul Ball, location: 2F 2-1: Called Strike 2-2: Ball 3-2: Fly out, F9 (Line Drive, 89M, EV 88.8 MPH)
|
Top of the 8th over - 0 runs, 1 hit, 0 errors, 1 left on base; University of Michigan 1 - Oklahoma State University 7 |
BOTTOM OF THE 8TH |
Oklahoma State University Cowboys batting - Pitching for University of Michigan Wolverines : RHP Joey Ferguson
|
Now at 1B: Corey Penson
|
|
Batting: RHB Jay Hickman
|
0-0: Called Strike 0-1: SINGLE (Groundball, 4, EV 95.6 MPH)
|
Batting: LHB Leo Puentes
|
0-0: Ground out 5-3 (Groundball, 56S, EV 84.4 MPH) Jay Hickman to second
|
Batting: LHB Jared Zulkowski
|
0-0: Ball 1-0: Foul Ball, location: 2F 1-1: Called Strike 1-2: Foul Ball, location: 2F 1-2: Fly out, F8 (Line Drive, 8LM, EV 103.8 MPH)
|
Batting: RHB Cody Kafer
|
0-0: Foul Ball, location: 2F 0-1: Foul Ball, location: 2F 0-2: SINGLE (Groundball, 56, EV 95.6 MPH) Jay Hickman to third Runner from 3rd tries for Home, SAFE, throw by LF to home
|
Pinch Hitting: RHB Josh Patterson
|
0-0: Ball 1-0: Called Strike 1-1: Called Strike 1-2: Foul Ball, location: 2F 1-2: Ball 2-2: DOUBLE (Line Drive, 89D, EV 105.6 MPH) Cody Kafer to third
|
Batting: LHB Edwin Cabral
|
0-0: Ball 1-0: Ball 2-0: Ball 3-0: Called Strike 3-1: SINGLE (Groundball, 4MD, EV 96.2 MPH) Cody Kafer scores Josh Patterson to third Runner from 3rd tries for Home, SAFE, throw by CF to home
|
Batting: RHB Dave de Wolff
|
0-0: Ball 1-0: Ball 2-0: DOUBLE (Line Drive, 89XD, EV 112.5 MPH) Edwin Cabral to third
|
Batting: SHB Guy Jerome
|
0-0: Ball 1-0: SINGLE (Line Drive, 56, EV 95.6 MPH) Edwin Cabral scores Dave de Wolff to third Runner from 3rd tries for Home, SAFE, throw by LF to home
|
Pitching: RHP Ruben Mendoza
|
|
Batting: SHB Suzunosuke Yamaguchi
|
0-0: Ball 1-0: Ball 2-0: Ball 3-0: Called Strike 3-1: Base on Balls Guy Jerome to second
|
Batting: RHB Jay Hickman
|
0-0: Ball 1-0: Called Strike 1-1: Called Strike 1-2: Foul Ball, location: 2F 1-2: Ball 2-2: Ground out 4-3 (Groundball, 4, EV 80.0 MPH)
|
Bottom of the 8th over - 5 runs, 6 hits, 0 errors, 2 left on base; University of Michigan 1 - Oklahoma State University 12 |
TOP OF THE 9TH |
University of Michigan Wolverines batting - Pitching for Oklahoma State University Cowboys : LHP Ronnie Pickering
|
Now at 1B: Josh Patterson
|
|
Batting: RHB Kazuki Arai
|
0-0: Ball 1-0: Foul Ball, location: 2F 1-1: Foul Ball, location: 2F 1-2: Ball 2-2: Ball 3-2: Fly out, F7 (Flyball, 78D, EV 100.6 MPH)
|
Batting: RHB Joe Thomas
|
0-0: Ball 1-0: Ball 2-0: Called Strike 2-1: Ball 3-1: SINGLE (Groundball, 6D, EV 93.8 MPH)
|
Pinch Hitting: RHB Mike Bearden
|
0-0: Ball 1-0: Ball 2-0: Foul Ball, location: 2F 2-1: Ball 3-1: Fielders Choice at 2nd, 6-4 (Groundball, 6, EV 77.5 MPH)
|
Batting: RHB Ricky Yerzy
|
0-0: Ball 1-0: Foul Ball, location: 2F 1-1: Swinging Strike 1-2: Fly out, F8 (Flyball, 8RXD, EV 91.2 MPH)
|
Top of the 9th over - 0 runs, 1 hit, 0 errors, 1 left on base; University of Michigan 1 - Oklahoma State University 12 |
|